 Dungeon Crawl Stone Soup version 0.21.0-3-g78d12a8 (webtiles) character file.

6093 dobroeutro the Carver (level 10, -1/81 HPs)
             Began as a Demonspawn Fighter on Jan 9, 2018.
             Was a High Priest of Okawaru.
             Slain by a vampire (7 damage)
             ... on level 9 of the Dungeon.
             The game lasted 00:18:33 (8232 turns).

dobroeutro the Carver (Demonspawn Fighter)          Turns: 8232, Time: 00:18:34

Health: -1/81      AC: 13    Str: 20    XL:     10   Next: 58%
Magic:  0/10       EV: 12    Int: 10    God:    Okawaru [*****.]
Gold:   339        SH:  0    Dex: 12    Spells: 9/9 levels left

rFire    . . .     SeeInvis .   a - +0 long sword
rCold    . . .     Gourm    .   c - +1 shield
rNeg     . . .     Faith    .   b - +0 scale mail
rPois    .         Spirit   +   (helmet unavailable)
rElec    .         Reflect  +   t - scarf {Spirit}
rCorr    .         Harm     .   E - +0 pair of gloves
MR       .....                  (no boots)
Stlth    ..........             k - +3 amulet of reflection
HPRegen  0.23/turn              u - +3 ring of protection
MPRegen  0.12/turn              p - +2 ring of evasion

@: confused
A: horns 3, rugged brown scales 1
a: Heroism, Finesse, Renounce Religion


You were on level 9 of the Dungeon.
You worshipped Okawaru.
Okawaru was extremely pleased with you.
You were hungry.

You visited 2 branches of the dungeon, and saw 10 of its levels.

You collected 339 gold pieces.

Inventory:

Hand Weapons
 a - a +0 long sword (weapon)
 G - a +1 falchion
Armour
 b - a +0 scale mail (worn)
 c - a +1 shield (worn)
 g - a +0 cloak
 r - a +0 pair of gloves
 t - a scarf of spirit shield (worn)
 x - a +1 cloak
 E - a +0 pair of gloves (worn)
Jewellery
 d - an uncursed ring of stealth {unknown}
 j - an uncursed ring of resist corrosion
 k - a +3 amulet of reflection (around neck)
 p - a +2 ring of evasion (right hand)
 u - a +3 ring of protection (left hand)
 A - an uncursed ring of poison resistance
 F - an uncursed amulet of magic regeneration {unknown}
Wands
 n - a wand of polymorph (13)
 B - a wand of digging (16)
Scrolls
 e - a scroll of enchant armour
 h - 3 scrolls of magic mapping
 m - 6 scrolls of identify
 o - a scroll of immolation
 s - 2 scrolls of remove curse
 w - a scroll of noise
 z - a scroll of fear
Potions
 i - 4 potions of lignification
 l - 2 potions of invisibility {unknown}
 q - 2 potions of curing
 v - 4 potions of cancellation {unknown}
 C - a potion of brilliance {unknown}
 D - 2 potions of agility {unknown}
Books
 y - a book of Air

   Spells                             Type                      Level
   a - Shock                          Conjuration/Air              1
   b - Swiftness                      Charms/Air                   2
   c - Static Discharge               Conjuration/Air              3
   d - Airstrike                      Air                          4
   e - Lightning Bolt                 Conjuration/Air              5
Comestibles
 f - 12 rations


   Skills:
 + Level 7.5 Fighting
 + Level 10.2 Long Blades
 + Level 6.8 Armour
 + Level 6.1 Dodging
 - Level 2.6 Shields


You had 9 spell levels left.
You didn't know any spells.

Dungeon Overview and Level Annotations

Branches:
Dungeon (9/15)             Temple (1/1) D:4
   Lair: D:8-11         Orc: D:9-12

Altars:
Ashenzari
Cheibriados
Dithmenos
Elyvilon
Fedhas
Gozag
Hepliaklqana
Kikubaaqudgha
Makhleb
Nemelex Xobeh
Okawaru
Qazlal
Ru
Sif Muna
Trog
Uskayaw
Vehumet
Wu Jian
Xom
Yredelemnul
Zin
The Shining One


Innate Abilities, Weirdness & Mutations

You have a pair of large horns on your head.
You are partially covered in rugged brown scales. (AC +1, +3% HP)


Message History

* * * LOW HITPOINT WARNING * * *
Something bites you.
* * * LOW HITPOINT WARNING * * *
Something draws strength from your injuries!
You bump into the rock wall.
Something hits you.
* * * LOW HITPOINT WARNING * * *
Something bites you but does no damage.
You completely miss something. You headbutt something. Something hits you.
* * * LOW HITPOINT WARNING * * *
Something bites you.
* * * LOW HITPOINT WARNING * * *
Something draws strength from your injuries!
You slash something! Something hits you but does no damage.
Something bites you.
* * * LOW HITPOINT WARNING * * *
Something draws strength from your injuries!
You hit something. Something hits you.
* * * LOW HITPOINT WARNING * * *
Something bites you!
You die...

..... #..# #..############.
############...............
...........)...............
.........###########.......
.........# #.......
.........###########....)..
.........{@................
###..............##########
#..............#
#..............##########
#........................
..........................
######..##########)[......
#..# #)####### #..# #.#


There were no monsters in sight!

Vanquished Creatures
  Gastronok (D:8)
  Pikel (D:7)
  A queen bee (D:8)
  2 hippogriffs
  2 water moccasins
  An ice beast (D:1)
  4 slaves (D:7)
  2 phantoms
  A centaur (D:3)
  3 ogres
  A bullfrog (D:7)
  A gnoll sergeant (D:6)
  A water moccasin zombie (D:7)
  A scorpion (D:7)
  19 killer bees
  4 wights (D:9)
  2 howler monkeys
  3 crimson imps
  A bullfrog zombie (D:6)
  A bullfrog skeleton (D:5)
  10 hounds
  A centaur skeleton (D:5)
  3 orc priests
  Jessica (D:2)
  6 iguanas
  3 worker ants
  5 orc wizards
  A hound zombie (D:6)
  2 hound skeletons (D:6)
  A mummy (D:6)
  A worker ant zombie (D:8)
  4 adders
  7 gnolls
  A howler monkey skeleton (D:5)
  2 shadow imps
  An adder skeleton (D:8)
  A worm (D:3)
  A dart slug (D:4)
  5 leopard geckos
  24 orcs
  A ball python (D:6)
  3 bats
  4 giant cockroaches
  11 goblins
  10 hobgoblins
  9 jackals
  6 kobolds
  2 quokkas
  4 frilled lizards
  5 rats (D:1)
187 creatures vanquished.

Vanquished Creatures (others)
  A centaur (D:8)
1 creature vanquished.

Grand Total: 188 creatures vanquished

Notes
Turn   | Place    | Note
-------+----------+-------------------------------------------
     0 | D:1      | dobroeutro the Demonspawn Fighter began the quest for the Orb.
     0 | D:1      | Reached XP level 1. HP: 18/18 MP: 1/1
    80 | D:1      | Reached skill level 2 in Long Blades
   175 | D:1      | Gained mutation: You have a pair of small horns on your head. [demonic ancestry]
   175 | D:1      | Reached XP level 2. HP: 24/24 MP: 2/2
   455 | D:1      | Reached skill level 3 in Long Blades
   479 | D:1      | Reached XP level 3. HP: 29/29 MP: 3/3
   887 | D:2      | Found a bloodstained altar of Trog.
   895 | D:2      | Noticed Jessica
   910 | D:2      | Killed Jessica
   910 | D:2      | Reached skill level 4 in Long Blades
   910 | D:2      | Reached XP level 4. HP: 26/35 MP: 4/4
  1092 | D:3      | Noticed an ice beast
  1109 | D:2      | Found a faded altar of an unknown god.
  1174 | D:1      | Killed an ice beast
  1174 | D:1      | Reached skill level 5 in Long Blades
  1174 | D:1      | Reached XP level 5. HP: 30/41 MP: 5/5
  1567 | D:3      | Noticed a centaur
  1587 | D:3      | Killed a centaur
  1587 | D:3      | Reached skill level 6 in Long Blades
  1587 | D:3      | Gained mutation: You are partially covered in rugged brown scales. (AC +1, +3% HP) [demonic ancestry]
  1587 | D:3      | Reached XP level 6. HP: 27/48 MP: 6/6
  1877 | D:3      | Found a white marble altar of Elyvilon.
  3094 | D:4      | Reached skill level 7 in Long Blades
  3094 | D:4      | Gained mutation: You have a pair of horns on your head. [demonic ancestry]
  3094 | D:4      | Reached XP level 7. HP: 48/53 MP: 5/7
  3291 | D:4      | Found a staircase to the Ecumenical Temple.
  3635 | Temple   | Entered the Ecumenical Temple
  3694 | Temple   | Became a worshipper of Warmaster Okawaru
  3779 | D:5      | Entered Level 5 of the Dungeon
  3960 | D:5      | Found a shadowy altar of Dithmenos.
  3969 | D:5      | Reached skill level 8 in Long Blades
  4070 | D:5      | Found a basalt altar of Yredelemnul.
  4072 | D:5      | Found a hide-covered altar of Uskayaw.
  4146 | D:5      | Reached skill level 1 in Dodging
  4229 | D:5      | Reached XP level 8. HP: 59/59 MP: 8/8
  4418 | D:5      | Found a bloodstained altar of Trog.
  4634 | D:6      | Reached * piety under Okawaru
  4894 | D:6      | Found a snail-covered altar of Cheibriados.
  5790 | D:7      | Reached ** piety under Okawaru
  5950 | D:7      | Noticed Pikel
  5978 | D:7      | Killed Pikel
  5978 | D:7      | Reached skill level 5 in Fighting
  5978 | D:7      | Reached skill level 9 in Long Blades
  5978 | D:7      | Gained mutation: You have a pair of large horns on your head. [demonic ancestry]
  5978 | D:7      | Reached XP level 9. HP: 61/70 MP: 6/9
  6007 | D:7      | Found a hazy altar of Hepliaklqana.
  6007 | D:7      | Found a shadowy altar of Dithmenos.
  6008 | D:7      | Found a glowing silver altar of Zin.
  6139 | D:7      | Reached skill level 5 in Armour
  6163 | D:7      | Reached *** piety under Okawaru
  6188 | D:7      | Found an ancient bone altar of Kikubaaqudgha.
  6192 | D:7      | Found a sparkling altar of Nemelex Xobeh.
  6327 | D:8      | Noticed Gastronok
  7004 | D:8      | Noticed a queen bee
  7021 | D:8      | Killed a queen bee
  7021 | D:8      | Reached skill level 5 in Dodging
  7352 | D:8      | Reached XP level 10. HP: 65/79 MP: 8/10
  7919 | D:8      | Killed Gastronok
  7919 | D:8      | Reached **** piety under Okawaru
  7919 | D:8      | Reached skill level 10 in Long Blades
  8020 | D:9      | Noticed a two-headed ogre
  8190 | D:9      | Reached ***** piety under Okawaru
  8232 | D:9      | Slain by a vampire

Skill      XL: |  1  2  3  4  5  6  7  8  9 10 |
---------------+-------------------------------+-----
Long Blades    | 2 3 4 5 6 7 8 9 10 | 10.2
Armour         | 3 4 5 6 |  6.8
Dodging        | 1 3 5 6 |  6.1
Fighting       | 5 6 7 |  7.5
Shields        | |  2.6

Action                   |  1- 3 |  4- 6 |  7- 9 | 10-12 || total
-------------------------+-------+-------+-------+-------++-------
Melee: Long sword        |    71 |   129 |   502 |    97 ||   799
       Headbutt          |    10 |    24 |   114 |    17 ||   165
Invok: Heroism           |       |       |     5 |     2 ||     7
  Use: Potion            |       |     2 |       |     3 ||     5
       Scroll            |       |       |    13 |       ||    13
  Eat: Chunk             |       |     6 |    16 |     2 ||    24
Armor: Scale mail        |    41 |    37 |   176 |    27 ||   281
       Skin              |       |     9 |       |       ||     9
Dodge: Dodged            |    16 |    39 |   203 |    32 ||   290
Block: Shield            |    19 |    63 |   291 |    49 ||   422
       Reflection        |       |       |       |     2 ||     2
       Rpst.: Long sword |     4 |    15 |    64 |     6 ||    89
